 Dungeon Crawl Stone Soup version 0.32-a0-909-gc671339a80 (webtiles) character file.

Game seed: 16216724699203089104

1193 Biggs the Skirmisher (level 8, 0/60 (61) HPs)
             Began as a Coglin Hunter on Apr 7, 2024.
             Was a Follower of Okawaru.
             Slain by a wight
             ... wielding a +5 morningstar of freezing
              (1 damage)
             ... on level 7 of the Dungeon.
             The game lasted 00:08:03 (5491 turns).

Biggs the Skirmisher (Coglin Hunter)                Turns: 5491, Time: 00:08:03

HP:   0/60 (61)     AC:  5    Str: 17    XL:     8   Next: 43%
MP:   8/8           EV: 11    Int:  7    God:    Okawaru [*.....]
Gold: 242           SH:  0    Dex: 18    Spells: 7/7 levels left

rFire   . . .        a - +2 sling {Prani}
rCold   . . .        d - +0 sling {Yuina}
rNeg    . . .        c - +0 leather armour
rPois   .            A - +0 helmet
rElec   .            C - +0 cloak
rCorr   .            (no gloves)
SInv    .            (no boots)
Will    .....        (amulet unavailable)
Stlth   ++           (ring unavailable)
HPRegen 0.30/turn    (ring unavailable)
MPRegen 0.11/turn    (no gizmo)

%: no passive effects
@: lightly drained, revving
A: off-hand wielding, slow wielding, warmup strikes, no jewellery, strong 1
a: Invent Gizmo, Renounce Religion, Heroism


You were on level 7 of the Dungeon.
You worshipped Okawaru.
Okawaru was aware of your devotion.
You visited 2 branches of the dungeon, and saw 8 of its levels.
You also visited: Ossuary.

You collected 336 gold pieces.
You spent 94 gold pieces at shops.

Inventory:

Hand Weapons
 a - a +2 sling (weapon) {Prani}
 d - a +0 sling (offhand) {Yuina}
Armour
 c - a +0 leather armour (worn)
 A - a +0 helmet (worn)
 C - a +0 cloak (worn)
Wands
 z - a wand of warping (5)
Scrolls
 b - 2 scrolls of butterflies
 e - 2 scrolls of amnesia
 h - 3 scrolls of teleportation
 j - a scroll of poison
 k - a scroll of revelation
 l - a scroll of vulnerability
 n - 4 scrolls of noise
 o - 2 scrolls of enchant armour
 r - a scroll of torment
 s - 2 scrolls of silence {unknown}
 t - a scroll of blinking {unknown}
 x - 2 scrolls of immolation {unknown}
 y - a scroll of brand weapon {unknown}
 B - a scroll of fog {unknown}
Potions
 f - a potion of degeneration {unknown}
 g - 2 potions of mutation
 i - a potion of curing
 m - a potion of heal wounds
 p - a potion of might {unknown}
 q - a potion of enlightenment {unknown}
 u - a potion of resistance {unknown}
 v - a potion of lignification {unknown}
 w - 2 potions of haste {unknown}
 D - a potion of brilliance {unknown}


   Skills:
 + Level 4.6 Fighting
 - Level 9.0 Ranged Weapons
 - Level 1.7 Dodging
 - Level 0.7 Stealth


You had 7 spell levels left.
You didn't know any spells.
Your spell library contained the following spells:

 Spells                   Type           Power      Damage    Failure   Level
 Freeze                   Ice            0%         1d3       50%         1
 Sandblast                Erth           0%         2d4       50%         1
 Frozen Ramparts          Ice            0%         1d1       86%         3
 Hailstorm                Conj/Ice       0%         3d5       86%         3
 Stone Arrow              Conj/Erth      0%         3d7       86%         3
 Teleport Other           Tloc           0%         N/A       86%         3
 Volatile Blastmotes      Fire/Tloc      0%         2d10      86%         3
 Brom's Barrelling Bould  Conj/Erth      0%         2d3       99%         4
 Fulminant Prism          Conj/Alch      0%         3d5       99%         4
 Iskenderun's Mystic Bla Conj/Tloc 0%             2d3        (+2d1     99%         4
 Dispersal                Tloc           0%         N/A       100%        6
 Gell's Gavotte           Tloc           0%         2d(11-16) 100%        6


Dungeon Overview and Level Annotations

Branches:
Dungeon (7/15)             Temple (1/1) D:4         Ossuary (visited)

Altars:
Ashenzari
Cheibriados
Dithmenos
Elyvilon
Fedhas
Gozag
Hepliaklqana
Kikubaaqudgha
Makhleb
Nemelex Xobeh
Okawaru
Ru
Sif Muna
Trog
Uskayaw
Vehumet
Wu Jian
Xom
Yredelemnul
Zin
The Shining One

Shops:
D:5 [


Innate Abilities, Weirdness & Mutations

You can wield a second weapon in your off-hand.
It takes a long time for you to wield or remove held weapons.
Your first few attacks do less damage.
You cannot equip rings or amulets.
Your muscles are strong. (Str +4, Int/Dex -1)


Message History

The sleepcap releases spores at you but does no damage.
Unknown command.
Unknown command.
Okay, then.
It was a potion of mutation.
You feel extremely strange.
You feel stronger. The gnoll sergeant barely misses you.
The sleepcap barely misses you.
Unknown command.
Okay, then.
Okay, then.
It was a potion of curing.
You feel better.
The gnoll sergeant hits you from afar with a +0 spear!
* * * LOW HITPOINT WARNING * * *
The sleepcap releases spores at you.
* * * LOW HITPOINT WARNING * * *
Unknown command.
It was a potion of heal wounds.
You feel much better.
The gnoll sergeant hits you from afar with a +0 spear.
* * * LOW HITPOINT WARNING * * *
The sleepcap completely misses you.
Unknown command.
As you read the scroll of teleportation, it crumbles to dust.
You feel strangely unstable.
The gnoll sergeant hits you from afar with a +0 spear!
* * * LOW HITPOINT WARNING * * *
The sleepcap barely misses you. The sleepcap attacks as it pursues you!
The sleepcap releases spores at you but does no damage.
Your surroundings suddenly seem different.
A water moccasin, 4 wights and a gnoll come into view.
A wight is wielding a +3 heavy halberd.
A wight is wielding a +5 morningstar of freezing.
Found 5 stones.
Found a stone staircase leading down.
The wight hits you but does no damage.
The water moccasin hisses angrily.
The water moccasin misses you. The wight closely misses you.
The wight attacks as it pursues you!
The wight hits you with a +5 morningstar of freezing.
* * * LOW HITPOINT WARNING * * *
You feel drained.
You die...

#. .. #.
..# z.
#.## ##.
....#
g.###.....
#.......
#.z..##
#.zz..#
#.@..##
#.S(##
#####


You could see a water moccasin, 4 wights and a gnoll (asleep).

Vanquished Creatures
  A water moccasin (D:5)
  A sky beast (D:6)
  An ogre (D:5)
  A centaur (D:6)
  A phantom (D:4)
  A bullfrog (D:6)
  2 scorpions
  A howler monkey (D:4)
  3 bombardier beetles
  An orc priest (D:5)
  2 hounds
  3 iguanas
  A hound zombie (Ossuary)
  5 gnolls
  9 adders
  A white imp (D:5)
  2 ufetubi (D:6)
  2 ribbon worms
  4 dart slugs
  15 orcs
  9 endoplasms
  6 giant cockroaches
  A gnoll zombie (Ossuary)
  7 hobgoblins
  4 jackals
  5 kobolds
  5 quokkas
  5 ball pythons
  A bat (D:3)
  3 frilled lizards
  8 goblins
  4 rats
115 creatures vanquished.

Notes
Turn   | Place    | Note
-------+----------+-------------------------------------------
     0 | D:1      | Biggs the Coglin Hunter began the quest for the Orb.
     0 | D:1      | Reached XP level 1. HP: 16/16 MP: 1/1
   104 | D:1      | Reached skill level 4 in Ranged Weapons
   104 | D:1      | Reached XP level 2. HP: 22/22 MP: 2/2
   165 | D:1      | Found a faded altar of an unknown god.
   388 | D:2      | Reached XP level 3. HP: 27/27 MP: 3/3
   458 | D:2      | Reached skill level 5 in Ranged Weapons
   458 | D:2      | Reached XP level 4. HP: 24/33 MP: 4/4
   576 | D:2      | Found a white marble altar of Elyvilon.
  1454 | D:3      | Found a hazy altar of Hepliaklqana.
  1461 | D:3      | Reached XP level 5. HP: 38/38 MP: 5/5
  1887 | D:3      | Reached skill level 6 in Ranged Weapons
  2280 | D:4      | Reached XP level 6. HP: 12/44 MP: 6/6
  2803 | D:4      | Reached skill level 7 in Ranged Weapons
  3390 | D:4      | Found a staircase to the Ecumenical Temple.
  3445 | Temple   | Entered the Ecumenical Temple
  3458 | Temple   | Became a worshipper of Warmaster Okawaru
  3694 | D:5      | Entered Level 5 of the Dungeon
  3695 | D:5      | Found a sand-covered staircase.
  3709 | Ossuary  | Entered an ossuary
  3874 | D:5      | Found Ahosuawiaz's Antique Armour Shoppe.
  3882 | D:5      | Bought a cloak for 94 gold pieces
  3893 | D:5      | Found an opulent altar of Gozag.
  3942 | D:5      | Found a blossoming altar of Fedhas.
  3951 | D:5      | Reached XP level 7. HP: 50/50 MP: 7/7
  4108 | D:5      | Found a sacrificial altar of Ru.
  4119 | D:5      | Found a shadowy altar of Dithmenos.
  4126 | D:5      | Found a radiant altar of Vehumet.
  4133 | D:5      | Found a burning altar of Makhleb.
  4139 | D:5      | Found a bloodstained altar of Trog.
  4146 | D:5      | Found an ancient bone altar of Kikubaaqudgha.
  4152 | D:5      | Found an ornate altar of the Wu Jian Council.
  4191 | D:5      | Reached skill level 8 in Ranged Weapons
  4841 | D:6      | Reached * piety under Okawaru
  4842 | D:6      | Reached skill level 9 in Ranged Weapons
  4842 | D:6      | Reached XP level 8. HP: 57/57 MP: 8/8
  5355 | D:6      | Found a white marble altar of Elyvilon.
  5483 | D:7      | HP: 3/61 [gnoll sergeant/+0 spear (11)]
  5484 | D:7      | Gained mutation: Your muscles are strong. (Str +4, Int/Dex
                  | -1) [potion of mutation]
  5485 | D:7      | HP: 1/61 [sleepcap (2)]
  5491 | D:7      | HP: 1/61 [wight/+5 morningstar of freezing (5)]
  5491 | D:7      | Slain by a wight

Illustrated notes

Levels and vault maps discovered:
D:1:      dpeg_arrival_tiny_h, layout_rooms, basic_ecumenical_altar
D:2:      layout_basic, basic_altar, minmay_between
D:3:      kennysheep_big_flooded_room, layout_basic,
          nicolae_hepliaklqana_hazy_memory, kennysheep_generic_room_4
D:4:      layout_layer_cave, minmay_temple_entry_glassed_door,
          minmay_small_thing
D:5:      layout_rooms, grunt_gozag_breadcrumbs, mainiacjoe_overflow_brackets,
          grunt_temple_overflow_octagram, nicolae_ossuary_entry_false_entrances,
          serial_shops, shop, serial_park_tiny_1
D:6:      layout_rooms, lemuel_coloured_pillars_altar, kennysheep_nondescript
D:7:      layout_cave_pools, gammafunk_ghost_smash
Temple:   dpeg_chambers_temple

Skill      XL: |  1  2  3  4  5  6  7  8 |
---------------+-------------------------+-----
Ranged Weapons | 4 5 6 7 9 |  9.0
Fighting       | 4 |  4.6
Dodging        | |  1.7
Stealth        | |  0.7

Action                     |  1- 3 |  4- 6 |  7- 9 || total
---------------------------+-------+-------+-------++-------
   Fire: Sling             |   100 |   344 |   248 ||   692
    Use: Scroll            |       |       |     9 ||     9
         Potion            |       |       |     3 ||     3
 Armour: Leather armour    |     5 |    88 |    56 ||   149
  Dodge: Dodged            |     4 |    64 |    50 ||   118

Table legend: (Time is in decaauts)
 A = Elapsed time spent in this place.
 B = Non-inter-level travel time spent in this place.
 C = Inter-level travel time spent in this place.
 D = Time resting spent in this place.
 E = Time spent auto-exploring this place.
 F = Levels seen in this place.
 G = Mean time per level.
                   A        B        C        D        E       F      G
               +--------+--------+--------+--------+--------+-----+--------+
         Total |   5531 |   5354 |    177 |    136 |   4546 |   9 |  614.6 |
       Dungeon |   5490 |   5337 |    153 |    136 |   4546 |   7 |  784.3 |
        Temple |     26 |      2 |     24 |      0 |      0 |   1 |   26.0 |
       Ossuary |     14 |     14 |      0 |      0 |      0 |   1 |   14.0 |
               +--------+--------+--------+--------+--------+-----+--------+

Top non-repeatable levels by time:
     D:4: 1409 daAuts
     D:5: 1128 daAuts
     D:2: 1050 daAuts
     D:3: 858 daAuts
     D:6: 609 daAuts
     D:1: 387 daAuts
     D:7: 46 daAuts
  Temple: 26 daAuts
 Ossuary: 14 daAuts
